 Dungeon Crawl Stone Soup version 0.24-a0-517-gd52e2fb918 (webtiles) character file.

Game seed: 2247786663556181504

43 AarnesTheHuman the Ogre Mage (level 3, -9/35 HPs)
             Began as an Ogre Wizard on July 22, 2019.
             Mangled by a gnoll
             ... wielding a +0 flail
              (14 damage)
             ... on level 1 of the Dungeon.
             The game lasted 00:06:01 (1419 turns).

AarnesTheHuman the Ogre Mage (Ogre Wizard)          Turns: 1419, Time: 00:06:02

Health: -9/35      AC:  3    Str: 11    XL:     3   Next: 58%
Magic:  2/8        EV: 10    Int: 20    God:
Gold:   36         SH:  0    Dex:  7    Spells: 9/10 levels left

rFire    . . .     SeeInvis .   k - +0 dagger
rCold    . . .     Gourm    .   (no shield)
rNeg     . . .     Faith    .   a - +0 robe
rPois    .         Spirit   .   b - +0 hat
rElec    .         Reflect  .   (no cloak)
rCorr    .         Harm     .   (gloves unavailable)
MR       .....                  (boots unavailable)
Stlth    +.........             (no amulet)
HPRegen  0.11/turn              (no ring)
MPRegen  0.11/turn              (no ring)

@: no status effects
A: large, unfitting armour, tough skin 1
a: no special abilities


You were on level 1 of the Dungeon.
You were hungry.

You visited 1 branch of the dungeon, and saw 2 of its levels.

You collected 36 gold pieces.

Inventory:

Hand Weapons
 e - a +0 club
 g - a +0 whip
 k - a +0 dagger (weapon)
Armour
 a - a +0 robe (worn)
 b - a +0 hat (worn)
Jewellery
 j - a cursed amulet of inaccuracy {unknown}
Scrolls
 h - a scroll of amnesia {unknown}
 i - a scroll of identify {unknown}
 m - a scroll of remove curse {unknown}
 n - a scroll of enchant weapon {unknown}
 o - a scroll of fear {unknown}
Potions
 c - 2 potions of haste {unknown}
 f - a potion of mutation {unknown}
 l - a potion of curing {unknown}
Comestibles
 d - 4 rations


   Skills:
 + Level 2.2 Fighting
 - Level 1.7 Dodging
 - Level 1.4 Stealth
 + Level 4.2 Spellcasting
 + Level 1.8 Conjurations
   Level 0.8 Summonings
   Level 0.8 Translocations


You had 9 spell levels left.
You knew the following spells:

 Your Spells              Type           Power        Failure   Level  Hunger
a - Magic Dart            Conj           ##..         6%          1    None

Your spell library contained the following spells:

 Spells                   Type           Power        Failure   Level  Hunger
 Blink                    Tloc           N/A          14%         2    #......
 Call Imp                 Summ           #.......     14%         2    #......
 Slow                     Hex            #.......     19%         2    #......
 Conjure Flame            Conj/Fire      #.......     26%         3    ###....
 Mephitic Cloud           Conj/Pois/Air  #.......     30%         3    ###....


Dungeon Overview and Level Annotations

Branches:
Dungeon (2/15)

Altars:


Innate Abilities, Weirdness & Mutations

You are too large for most types of armour.
You have tough skin. (AC +1)


Message History

Casting: Magic Dart (safe; 6% risk of failure)
Confirm with . or Enter, or press ? or * to list all spells.
Aiming: Magic Dart (safe; 6% risk of failure)
Press: ? - help, Shift-Dir - straight line, f/p - gnoll
Aim: a gnoll, wielding a +0 flail (severely wounded)
The magic dart hits the gnoll but does no damage.
The gnoll is severely wounded.
The gnoll barely misses you.
You hit the gnoll.
The gnoll is severely wounded.
You completely miss the gnoll.
The gnoll is severely wounded.
The gnoll hits you but does no damage.
You hit the gnoll.
The gnoll is severely wounded.
The gnoll misses you.
You barely miss the gnoll.
The gnoll is severely wounded.
The gnoll hits you with a +0 flail!
You die...

.....# #.##..........# # .....#
#.##..........# # .....#
#.##..........# #
.....#####..'..........# #
.##......####....################
..#......# #....# #............#
#.#......# #....# #............#
#........# #...g# #............#
##.......####...@# #............#
##.).....#.......# #............#
###......#.......# #.........(..#
###......#.......# #.............
##...............# ######'#######
##...............# #.#......
.'(.>............# #.#.####.
##..(............# #........
.#########.......# ###.#####


You could see a gnoll.

Vanquished Creatures
  A gnoll (D:2)
  A dart slug (D:1)
  5 bats
  A giant cockroach (D:1)
  5 goblins
  3 hobgoblins (D:1)
  2 jackals (D:1)
  7 kobolds (D:1)
  2 frilled lizards (D:1)
  4 rats (D:1)
31 creatures vanquished.

Notes
Turn   | Place    | Note
-------+----------+-------------------------------------------
     0 | D:1      | AarnesTheHuman the Ogre Wizard began the quest for the Orb.
     0 | D:1      | Reached XP level 1. HP: 16/16 MP: 5/5
    26 | D:1      | Reached skill level 1 in Conjurations
    76 | D:1      | Reached skill level 1 in Fighting
    76 | D:1      | Reached XP level 2. HP: 8/27 MP: 0/6
   569 | D:1      | Reached skill level 4 in Spellcasting
   655 | D:1      | Reached XP level 3. HP: 34/35 MP: 1/8
  1419 | D:1      | Mangled by a gnoll

Levels and vault maps discovered:
D:1:      sevenhm_arrival_forest_fort_small_3, layout_basic, minmay_unequal
D:2:      layout_loops_corners, first_ration

Skill      XL: |  1  2  3 |
---------------+----------+-----
Conjurations   | 1 |  1.8
Fighting       | 1 2 |  2.2
Spellcasting   | 4 |  4.2
Dodging        | |  1.7
Stealth        | |  1.4
Summonings     | |  0.8
Translocations | |  0.8

Action                   || total
-------------------------++-------
Melee: Club              ||    33
       Unarmed           ||     5
       Dagger            ||    11
       Whip              ||     6
 Cast: Magic Dart        ||    61
  Eat: Chunk             ||     1
Armor: Robe              ||    36
Dodge: Dodged            ||    71

Table legend:
 A = Non-vault XP
 B = Vault XP
 C = Vault XP percentage of total XP
 D = Non-vault monster count
 E = Vault monster count
 F = Vault count percentage of total count
                 A         B        C        D         E       F
            +---------+---------+-------+---------+---------+-------
      Total |      59 |       3 |   4.8 |      29 |       2 |   6.5
            +---------+---------+-------+---------+---------+-------
        D:1 |      42 |       3 |   6.7 |      26 |       2 |   7.1
        D:2 |      17 |       0 |   0.0 |       3 |       0 |   0.0
            +---------+---------+-------+---------+---------+-------
